 Dungeon Crawl Stone Soup version 0.27.0-1-g7a089689b8 (webtiles) character file.

Game seed: 14742057475370490264

217 Bonemeal the Stinger (level 5, -2/34 HPs)
             Began as an Octopode Venom Mage on Aug 16, 2021.
             Was an Initiate of Dithmenos.
             Slain by a hound (6 damage)
             ... on level 4 of the Dungeon on Aug 17, 2021.
             The game lasted 00:29:01 (5591 turns).

Bonemeal the Stinger (Octopode Venom Mage)          Turns: 5591, Time: 00:29:02

Health: -2/34      AC:  1    Str:  7    XL:     5   Next: 94%
Magic:  3/9        EV: 13    Int: 18    God:    Dithmenos [......]
Gold:   135        SH:  0    Dex: 13    Spells: 3/9 levels left

rFire    . . .     SeeInvis .   b - +0 short sword
rCold    . . .     Faith    .   (no shield)
rNeg     . . .     Spirit   .   (helmet restricted)
rPois    .         Reflect  .   (no amulet)
rElec    .         Harm     .   (no ring)
rCorr    .         Rampage  .   (no ring)
Will     .....                  (no ring)
Stlth    ++++......             (no ring)
HPRegen  0.11/turn              (no ring)
MPRegen  0.11/turn              (no ring)
                                (no ring)
                                (no ring)

@: no status effects
A: almost no armour, amphibious, 8 rings, camouflage 1, gelatinous body 1,
(nimble swimmer 1), tentacles
a: Renounce Religion


You were on level 4 of the Dungeon.
You worshipped Dithmenos.
Dithmenos was noncommittal.
You visited 1 branch of the dungeon, and saw 4 of its levels.
You also visited: Sewer.

You collected 135 gold pieces.

Inventory:

Hand Weapons
 a - a +0 dagger
 b - a +0 short sword (weapon)
 l - a +0 hunting sling
 r - a +0 hand crossbow
Missiles
 c - 7 boomerangs
 f - 35 stones
 m - a curare-tipped dart
 n - 9 poisoned darts
 s - 18 bolts
Scrolls
 g - a scroll of holy word {unknown}
 h - a scroll of identify
 o - a scroll of blinking {unknown}
Potions
 e - a potion of lignification {unknown}
 i - a potion of magic {unknown}
 j - 2 potions of berserk rage
 k - a potion of invisibility {unknown}
 p - a potion of heal wounds {unknown}
 q - a potion of haste {unknown}


   Skills:
 + Level 1.7 Fighting
 + Level 2.9 Dodging
 + Level 4.2 Stealth
 + Level 2.6 Spellcasting
 - Level 1.0 Conjurations
 - Level 1.0 Transmutations
 - Level 1.0 Air Magic
 * Level 5.1 Poison Magic


You had 3 spell levels left.
You knew the following spells:

 Your Spells              Type           Power      Damage    Failure   Level
a - Sting                 Tmut/Pois      52%        1d5       4%          1
b - Poisonous Vapours     Pois/Air       26%        N/A       7%          2
c - Mephitic Cloud        Conj/Pois/Air  11%        N/A       19%         3

Your spell library contained the following spells:

 Spells                   Type           Power      Damage    Failure   Level
 Olgreb's Toxic Radiance  Pois           21%        N/A       21%         4


Dungeon Overview and Level Annotations

Branches:
Dungeon (4/15)              Sewer (visited)
 Temple: D:4-7

Altars:
Cheibriados
Dithmenos
Fedhas
Hepliaklqana
Kikubaaqudgha
Okawaru
Vehumet

Annotations:
D:3 Purgy


Innate Abilities, Weirdness & Mutations

You cannot wear most types of armour.
You are amphibious.
You can wear up to eight rings at the same time.
Your skin changes colour to match your surroundings (Stealth+).
Your rubbery body absorbs attacks. (AC +1, EV +1)
((You are camouflaged near water. (Stealth+)))
You have tentacles for arms and can constrict up to eight enemies at once.


Message History

There is a blossoming altar of Fedhas here.
There is a stone staircase leading down here.
You climb downwards.
A hound comes into view.
There is a stone staircase leading up here.
The helpless hound fails to defend itself.
You puncture the hound! Your grab misses the hound.
The hound is heavily wounded.
The hound closely misses you.
Casting: Sting (safe; 4% risk of failure)
Confirm with . or Enter, or press ? or * to list all spells.
The spell is quite dangerous to cast (19% risk of failure)!
Continue anyway?
Okay, then.
Casting: Mephitic Cloud (quite dangerous; 19% risk of failure)
Confirm with . or Enter, or press ? or * to list all spells.
Aiming: Poisonous Vapours (safe; 7% risk of failure)
Press: ? - help, Dir - move target, f - hound
Aim: a hound (moderately wounded) Poisonous vapours surround the hound!
The hound is poisoned.
The hound closely misses you. The hound bites you.
Casting: Poisonous Vapours (safe; 7% risk of failure)
Confirm with . or Enter, or press ? or * to list all spells.
Aiming: Poisonous Vapours (safe; 7% risk of failure)
Press: ? - help, Dir - move target, f/p - hound
Aim: a hound (heavily wounded, poisoned) Poisonous vapours surround the hound!
The hound looks even sicker.
A scorpion comes into view.
The hound bites you.
The scorpion moves out of view.
Casting: Poisonous Vapours (safe; 7% risk of failure)
Confirm with . or Enter, or press ? or * to list all spells.
Aiming: Poisonous Vapours (safe; 7% risk of failure)
Press: ? - help, Dir - move target, f/p - hound
Aim: a hound (heavily wounded, very poisoned) Poisonous vapours surround the hound!
The hound looks even sicker.
The hound bites you. x2
* * * LOW HITPOINT WARNING * * *
The hound bites you.
* * * LOW HITPOINT WARNING * * *
The hound bites you.
You die...

##########
#.....@h.#
#+######.#####
#<....#
#.....#
#.....#
#......#
#......#
#......#
#........


You could see a hound (very poisoned).

Vanquished Creatures
  A kobold brigand (Sewer)
  A river rat (Sewer)
  4 adders (Sewer)
  5 worms (Sewer)
  2 dart slugs (D:1)
  An orc (D:3)
  6 ball pythons
  6 endoplasms
  6 giant cockroaches
  3 goblins
  2 hobgoblins
  3 jackals (D:1)
  15 kobolds
  5 quokkas (D:1)
  9 bats
  5 frilled lizards
  9 rats
83 creatures vanquished.

Notes
Turn   | Place    | Note
-------+----------+-------------------------------------------
     0 | D:1      | Bonemeal the Octopode Venom Mage began the quest for the
                  | Orb.
     0 | D:1      | Reached XP level 1. HP: 11/11 MP: 3/3
   707 | D:1      | Reached XP level 2. HP: 14/17 MP: 5/5
   963 | D:1      | Learned a level 2 spell: Poisonous Vapours
  1639 | D:1      | Reached skill level 4 in Poison Magic
  1809 | D:1      | Reached XP level 3. HP: 22/22 MP: 4/6
  1830 | D:1      | Learned a level 3 spell: Mephitic Cloud
  3424 | D:3      | Reached XP level 4. HP: 26/27 MP: 7/7
  3427 | D:3      | Found a glowing drain.
  3435 | Sewer    | Entered a sewer
  3950 | Sewer    | Noticed a kobold brigand
  3994 | Sewer    | Killed a kobold brigand
  3995 | Sewer    | Reached skill level 1 in Fighting
  3995 | Sewer    | Reached skill level 1 in Conjurations
  3995 | Sewer    | Reached skill level 1 in Air Magic
  3995 | Sewer    | Reached XP level 5. HP: 27/33 MP: 4/8
  4629 | Sewer    | Reached skill level 5 in Poison Magic
  5333 | D:3      | Noticed Purgy
  5401 | D:3      | Found a radiant altar of Vehumet.
  5401 | D:3      | Found a snail-covered altar of Cheibriados.
  5402 | D:3      | Found an ancient bone altar of Kikubaaqudgha.
  5402 | D:3      | Found an iron altar of Okawaru.
  5402 | D:3      | Found a shadowy altar of Dithmenos.
  5402 | D:3      | Found a hazy altar of Hepliaklqana.
  5403 | D:3      | Found a blossoming altar of Fedhas.
  5410 | D:3      | Became a worshipper of Dithmenos the Shadowed
  5591 | D:4      | Slain by a hound

Illustrated notes

Levels and vault maps discovered:
D:1:      lightli_arrival_noodles, layout_basic, minmay_tree_intersection,
          minmay_split_cup_large
D:2:      layout_loops_ring
D:3:      layout_basic, grunt_temple_overflow_open, portal_sewer_entry_f,
          chequers_ecumenical_altar_grove, uniq_purgy
D:4:      layout_basic, hellmonk_ghost_happy_afterlife, dk_noncrumbling_3

Skill      XL: |  1  2  3  4  5 |
---------------+----------------+-----
Stealth        | 3 4 |  4.2
Poison Magic   | 4 5 |  5.1
Fighting       | 1 |  1.7
Conjurations   | 1 |  1.0
Air Magic      | 1 |  1.0
Dodging        | |  2.9
Spellcasting   | |  2.6
Transmutations | |  1.0

Action                   |  1- 3 |  4- 6 || total
-------------------------+-------+-------++-------
Melee: Unarmed           |    15 |       ||    15
       Tentacles         |     8 |    15 ||    23
       Constrict         |    12 |    18 ||    30
       Short sword       |    40 |    88 ||   128
Throw: Throwing net      |       |     1 ||     1
 Cast: Sting             |     6 |     1 ||     7
       Poisonous Vapours |    26 |     9 ||    35
       Mephitic Cloud    |       |     1 ||     1
  Use: Scroll            |     3 |       ||     3
 Stab: Sleeping          |    17 |     9 ||    26
       Confused          |       |     4 ||     4
Armor: Skin              |     4 |     4 ||     8
Dodge: Dodged            |    24 |    37 ||    61
